 Dungeon Crawl Stone Soup version 0.29-a0-397-g846e4a0bbc (webtiles) character file.

Game seed: 16763072778090173101

470 pyrow613 the Chopper (level 6, -2/50 (52) HPs)
             Began as a Demigod Fighter on May 11, 2022.
             Slain by a wight
             ... wielding a +5 war axe of freezing
              (3 damage)
             ... on level 4 of the Dungeon.
             The game lasted 00:05:27 (3312 turns).

pyrow613 the Chopper (Demigod Fighter)              Turns: 3312, Time: 00:05:27

HP:   -2/50 (52)    AC:  8    Str: 25    XL:     6   Next: 52%
MP:   8/8           EV:  7    Int: 10    God:
Gold: 219           SH: 10    Dex: 13    Spells: 5/5 levels left

rFire   + . .      SeeInvis .   a - +1 hand axe (venom)
rCold   . . .      Faith    .   c - +0 buckler
rNeg    . . .      Spirit   .   j - +0 chain mail
rPois   .          Reflect  +   (no helmet)
rElec   .          Harm     .   (no cloak)
rCorr   .          Rampage  .   (no gloves)
Will    .....                   (no boots)
Stlth   ..........              l - amulet of reflection
HPRegen 0.16/turn               q - ring of protection from fire
MPRegen 0.11/turn               (no ring)

@: mighty, lightly drained
A: high MP 1, forlorn, divine attributes
a: no special abilities


You were on level 4 of the Dungeon.
You visited 1 branch of the dungeon, and saw 4 of its levels.

You collected 219 gold pieces.

Inventory:

Hand Weapons
 a - a +1 hand axe of venom (weapon)
 b - a +0 hunting sling
 x - a +0 war axe
Armour
 c - a +0 buckler (worn)
 j - a +0 chain mail (worn)
Jewellery
 l - an amulet of reflection (around neck)
 q - a ring of protection from fire (left hand)
Scrolls
 d - a scroll of amnesia {unknown}
 g - 2 scrolls of teleportation {unknown}
 i - 6 scrolls of enchant armour {unknown}
 k - a scroll of identify {unknown}
 n - a scroll of silence {unknown}
 p - a scroll of noise {unknown}
 t - a scroll of magic mapping {unknown}
 u - 2 scrolls of blinking {unknown}
 v - 2 scrolls of fog {unknown}
 y - a scroll of summoning {unknown}
Potions
 e - a potion of heal wounds {unknown}
 f - 2 potions of resistance {unknown}
 h - a potion of lignification
 m - 4 potions of attraction {unknown}
 o - a potion of curing {unknown}
 r - 2 potions of flight
 s - 3 potions of magic {unknown}
 w - a potion of might


   Skills:
 + Level 4.2 Fighting
 * Level 4.9 Axes
 - Level 2.6 Armour
 + Level 4.2 Shields


You had 5 spell levels left.
You didn't know any spells.
Your spell library contained the following spells:

 Spells                   Type           Power      Damage    Failure   Level
 Freeze                   Ice            0%         1d3       98%         1
 Sandblast                Erth           0%         2d4       98%         1
 Passwall                 Tmut/Erth      0%         N/A       99%         2
 Dazzling Flash           Conj/Hex       0%         N/A       100%        3
 Frozen Ramparts          Ice            0%         1d2       100%        3
 Stone Arrow              Conj/Erth      0%         3d7       100%        3
 Tukima's Dance           Hex            0%         N/A       100%        3
 Anguish                  Hex/Necr       0%         N/A       100%        4
 Hailstorm                Conj/Ice       0%         3d3       100%        4
 Agony                    Necr           0%         N/A       100%        5
 Silence                  Hex/Air        0%         N/A       100%        5
 Enfeeble                 Hex            0%         N/A       100%        7


Dungeon Overview and Level Annotations

Branches:
Dungeon (4/15)
 Temple: D:4-7


Innate Abilities, Weirdness & Mutations

You have an increased reservoir of magic. (+10% MP)
You shall have no god before yourself.
Your divine heritage dramatically boosts your attributes as you level up.


Message History

The wight closely misses you.
You completely miss the wight.
The wight is heavily damaged.
The wight closely misses you.
You slash the wight!
You destroy the wight!
Your Fighting skill increases to level 4!
Your Shields skill increases to level 4!
You have reached level 6!
Your experience leads to a dramatic increase in your attributes!
Increase (S)trength, (I)ntelligence, or (D)exterity?
You feel stronger. x4
You slash the wight!
You destroy the wight!
The wight hits you from afar with a +4 spear!
You closely miss the wight. You block the wight's attack.
The wight barely misses you.
You hit the wight but do no damage. You block the wight's attack.
The wight hits you with a +3 battleaxe.
You feel drained. The wight barely misses you. You block the wight's attack.
You hit the wight.
The wight is moderately damaged.
The wight barely misses you. The wight hits you with a +3 battleaxe.
You feel drained.
You slash the wight!
You destroy the wight!
You block the wight's attack.
You hit the wight.
The wight is moderately damaged.
The wight hits you from afar with a +4 spear.
The wight hits you with a +5 war axe of freezing!
You feel drained.
* * * LOW HITPOINT WARNING * * *
The wight freezes you.
* * * LOW HITPOINT WARNING * * *
The wight attacks as you move away!
The wight hits you with a +5 war axe of freezing!
* * * LOW HITPOINT WARNING * * *
The wight freezes you.
You die...

..# ####..#
###.....
####.....####
#<.##...##.<#
#...#...#...#
##.'#...#z.###
#.###).@z.###.###
#...............#
#......8......###
#.............#
...###.....#####
#####..#...#..##
#...#...#...#
#>.##...##.># ###
#...#####


You could see 2 wights.

Vanquished Creatures
  3 wights (D:4)
  A hound (D:4)
  2 orc priests (D:3)
  Natasha (thrice) (D:2)
  2 orc wizards (D:3)
  3 adders
  A worm (D:2)
  2 dart slugs
  6 orcs (D:3)
  3 ball pythons
  7 endoplasms
  2 giant cockroaches (D:2)
  8 goblins
  6 hobgoblins
  3 kobolds
  3 quokkas
  4 bats
  A frilled lizard (D:3)
  7 rats
67 creatures vanquished.

Vanquished Creatures (others)
  2 withered plants (D:1)
2 creatures vanquished.

Grand Total: 69 creatures vanquished

Notes
Turn   | Place    | Note
-------+----------+-------------------------------------------
     0 | D:1      | pyrow613 the Demigod Fighter began the quest for the Orb.
     0 | D:1      | Reached XP level 1. HP: 18/18 MP: 3/3
    42 | D:1      | You fall into a shaft and drop 1 floor!
    47 | D:2      | Noticed Natasha
    51 | D:2      | Killed Natasha
    52 | D:2      | Reached XP level 2. HP: 20/26 MP: 4/4
   248 | D:2      | Reached XP level 3. HP: 31/31 MP: 5/5
   409 | D:2      | Noticed Natasha
   418 | D:2      | Killed Natasha
   438 | D:1      | Reached XP level 4. HP: 10/38 MP: 6/6
  1573 | D:2      | Noticed Natasha
  1576 | D:2      | Killed Natasha
  2320 | D:3      | Reached XP level 5. HP: 41/45 MP: 7/7
  3304 | D:4      | Reached XP level 6. HP: 42/52 MP: 8/8
  3312 | D:4      | HP: 1/50 [wight/+5 war axe of freezing (9)]
  3312 | D:4      | Slain by a wight

Illustrated notes

Levels and vault maps discovered:
D:1:      nzn_arrival_water_spiral, layout_basic, shapermc_ecumenical_altar_gd,
          minmay_bisected
D:2:      layout_rooms, minmay_randomly_rotated_circles, uniq_natasha
D:3:      layout_basic, general_overflow_altar, lemuel_doored_altar,
          nicolae_overflow_crystal_walls, grunt_decor_fettered,
          kennysheep_cross_bottleneck, kennysheep_small_spiral
D:4:      layout_loops_ring, nicolae_dithmenos_through_a_glass_darkly,
          grunt_gozag_breadcrumbs, tgw_kikubaaqudgha,
          hangedman_abyss_or_decor_passed, grunt_ministairs_6,
          nicolae_shop_firing_range, uniq_ijyb, uniq_eustachio, uniq_menkaure,
          uniq_duvessa

Skill      XL: |  1  2  3  4  5 |
---------------+----------------+-----
Fighting       | 3 4 |  4.2
Axes           | 2 3 4 |  4.9
Shields        | 3 4 |  4.2
Armour         | |  2.6

Action                   |  1- 3 |  4- 6 || total
-------------------------+-------+-------++-------
Melee: War axe           |    33 |   106 ||   139
       Hand axe          |       |    41 ||    41
 Fire: Hunting sling     |       |     4 ||     4
  Use: Potion            |     1 |     3 ||     4
Armor: Scale mail        |    17 |       ||    17
       Chain mail        |     9 |    55 ||    64
       Skin              |       |    10 ||    10
Dodge: Dodged            |    21 |    34 ||    55
Block: Buckler           |    17 |    73 ||    90

Table legend: (Time is in decaauts)
 A = Elapsed time spent in this place.
 B = Non-inter-level travel time spent in this place.
 C = Inter-level travel time spent in this place.
 D = Time resting spent in this place.
 E = Time spent auto-exploring this place.
 F = Levels seen in this place.
 G = Mean time per level.
                   A        B        C        D        E       F      G
               +--------+--------+--------+--------+--------+-----+--------+
         Total |   3374 |   3287 |     87 |    469 |   2319 |   4 |  843.5 |
       Dungeon |   3374 |   3287 |     87 |    469 |   2319 |   4 |  843.5 |
               +--------+--------+--------+--------+--------+-----+--------+

Top non-repeatable levels by time:
     D:3: 1419 daAuts
     D:1: 1157 daAuts
     D:2: 739 daAuts
     D:4: 58 daAuts
